 Dungeon Crawl Stone Soup version 0.30-a0-629-gd54f4be4f7 (webtiles) character file.

Game seed: 3498790384178257337

25 NinjaNoafa the Caller (level 2, -5/11 HPs)
             Began as a Felid Summoner on Jan 12, 2023.
             Killed by divine providence
             ... invoked by an orc priest
              (16 damage)
             ... on level 2 of the Dungeon.
             The game lasted 00:01:19 (1231 turns).

NinjaNoafa the Caller (Felid Summoner)              Turns: 1231, Time: 00:01:20

Health: -5/11      AC:  1    Str:  4    XL:     2   Next: 86%
Magic:  2/6        EV: 17    Int: 16    God:
Gold:   58         SH:  0    Dex: 16    Spells: 3/6 levels left
                                        Lives:  0   Deaths: 0

rFire   . . .      SeeInvis +    (weapon unavailable)
rCold   . . .      Faith    .    (shield unavailable)
rNeg    . . .      Spirit   .    (body armour unavailable)
rPois   .          Reflect  .    (helmet unavailable)
rElec   .          Harm     .    (cloak unavailable)
rCorr   .          Rampage  .    (gloves unavailable)
Will    .....                    (boots unavailable)
Stlth   ++                       (no amulet)
HPRegen 0.21/turn                c - ring of flight
MPRegen 0.10/turn                (no ring)

@: flying, quick
A: very small, claws 1, fangs 3, see invisible, speed 1, shaggy fur 1, stealthy
paws, no weapons or thrown items, no armour, multi-lived
a: no special abilities


You were on level 2 of the Dungeon.
You visited 1 branch of the dungeon, and saw 2 of its levels.

You collected 58 gold pieces.

Inventory:

Jewellery
 c - a ring of flight (left paw)
Scrolls
 b - a scroll of fear {unknown}
 d - 3 scrolls of immolation {unknown}
Potions
 a - a potion of magic
 e - a potion of invisibility {unknown}
 f - a potion of lignification {unknown}
 g - a potion of cancellation {unknown}
 h - a potion of mutation {unknown}
 i - a potion of haste {unknown}


   Skills:
 - Level 2.6 Dodging
 - Level 2.6 Stealth
 + Level 2.6 Spellcasting
 + Level 4.4 Summonings


You had 3 spell levels left.
You knew the following spells:

 Your Spells              Type           Power      Damage    Failure   Level
a - Summon Small Mammal   Summ           64%        N/A       3%          1
b - Call Imp              Summ           16%        N/A       4%          2

Your spell library contained the following spells:

 Spells                   Type           Power      Damage    Failure   Level
 Call Canine Familiar     Summ           16%        N/A       10%         3
 Magic Dart               Conj           8%         1d3       19%         1
 Summon Guardian Golem    Hex/Summ       9%         N/A       24%         3
 Cigotuvi's Dreadful Rot  Necr/Pois/Air  4%         N/A       28%         2
 Poisonous Vapours        Pois/Air       4%         N/A       28%         2
 Searing Ray              Conj           4%         2d4       28%         2
 Mephitic Cloud           Conj/Pois/Air  2%         N/A       50%         3
 Summon Lightning Spire   Summ/Air       9%         N/A       61%         4
 Fulminant Prism          Conj/Hex       1%         3d5       88%         4


Dungeon Overview and Level Annotations

Branches:
Dungeon (2/15)

Altars:


Innate Abilities, Weirdness & Mutations

You have sharp claws.
You have razor-sharp teeth.
You have supernaturally acute eyesight. (SInv)
You cover ground quickly. (Speed+)
You are covered in fur. (AC +1)
Your paws help you pounce on unaware monsters.
You are incapable of wielding weapons or throwing items.
You cannot wear armour.
You gain extra lives every three experience levels.


Message History

Casting: Summon Small Mammal (safe; 3% risk of failure)
Confirm with . or Enter, or press ? or * to list all spells.
Casting: Summon Small Mammal (safe; 3% risk of failure)
Confirm with . or Enter, or press ? or * to list all spells.
A beastly little devil appears in a puff of flame.
Your quokka bites the endoplasm.
The endoplasm closely misses your quokka.
Your quokka bites the endoplasm.
The endoplasm dies!
Your quokka disappears in a puff of smoke!
Key pressed, stopping explore.
Your crimson imp disappears in a puff of smoke!
Your quokka disappears in a puff of smoke!
Magic restored.
i - a yellow potion An orc priest comes into view.
It is wielding a +0 trident.
An orc priest is nearby!
An orc priest is nearby!
An orc priest is nearby!
An orc priest is nearby!
Casting: Call Imp (safe; 4% risk of failure)
Confirm with . or Enter, or press ? or * to list all spells.
Casting: Summon Small Mammal (safe; 3% risk of failure)
Confirm with . or Enter, or press ? or * to list all spells.
Casting: Summon Small Mammal (safe; 3% risk of failure)
Confirm with . or Enter, or press ? or * to list all spells.
A beastly little devil appears in a puff of frigid air.
The orc priest begins to cast a cantrip, but forgets the words!
Your rat closely misses the orc priest.
You swap places.
Your rat bites the orc priest but does no damage.
Your quokka bites the orc priest.
The orc priest hits your white imp with a +0 trident!
Your white imp hits the orc priest but does no damage.
Your quokka closely misses the orc priest.
Your rat bites the orc priest but does no damage.
The orc priest mumbles some strange prayers to Beogh against you.
Beogh smites you!
Ouch! That really hurt!
You die...

....#.#.#.###..
..#.#...#......
...............
......r......
#####..ro...?..
....#...5..#..#.
#......#.#....
...#.........#
#.#..@....#.#
..#...........
##.#.........#.
..#........##
#.#..........
#######.#.##########
###.>...............
#.........#.#.......
#.#.###.#.#.#.#.....


You could see an orc priest (ally target), a friendly white imp (summoned), a
friendly quokka (summoned) and a friendly rat (summoned).

Vanquished Creatures (collateral kills)
  A gnoll (D:1)
  A bat (D:1)
  3 endoplasms
  4 goblins (D:1)
  2 ball pythons (D:1)
  A frilled lizard (D:1)
  A kobold (D:1)
  3 rats (D:1)
16 creatures vanquished.

Notes
Turn   | Place    | Note
-------+----------+-------------------------------------------
     0 | D:1      | NinjaNoafa the Felid Summoner began the quest for the Orb.
     0 | D:1      | Reached XP level 1. HP: 7/7 MP: 4/4
   345 | D:1      | Reached XP level 2. HP: 7/11 MP: 1/6
   545 | D:1      | Learned a level 2 spell: Call Imp
  1040 | D:1      | Found a faded altar of an unknown god.
  1231 | D:2      | Killed from afar by an orc priest

Illustrated notes

Levels and vault maps discovered:
D:1:      matt_arrival_diagonals, layout_basic,
          hellmonk_ecumenical_altar_inner_sanctum
D:2:      layout_basic, serial_shops, shop, uniq_crazy_yiuf_cottage

Action                   || total
-------------------------++-------
Melee: Unarmed           ||     1
 Cast: Summon Small Mamm ||    31
       Call Imp          ||     5
Armor: Skin              ||     2
Dodge: Dodged            ||     6

Table legend: (Time is in decaauts)
 A = Elapsed time spent in this place.
 B = Non-inter-level travel time spent in this place.
 C = Inter-level travel time spent in this place.
 D = Time resting spent in this place.
 E = Time spent auto-exploring this place.
 F = Levels seen in this place.
 G = Mean time per level.
                   A        B        C        D        E       F      G
               +--------+--------+--------+--------+--------+-----+--------+
         Total |   1167 |   1154 |     13 |      0 |    944 |   2 |  583.5 |
       Dungeon |   1167 |   1154 |     13 |      0 |    944 |   2 |  583.5 |
               +--------+--------+--------+--------+--------+-----+--------+

Top non-repeatable levels by time:
     D:1: 1078 daAuts
     D:2: 88 daAuts
